 Dungeon Crawl Stone Soup version 0.19-a0-1792-g28b16ba (webtiles) character file.

205 4thArraOfDagon the Slasher (level 5, 3/47 HPs)
             Began as a Minotaur Monk on Oct 4, 2016.
             Was a Believer of Dithmenos.
             Quit the game on level 5 of the Dungeon.
             The game lasted 00:02:40 (460 turns).

4thArraOfDagon the Slasher (Minotaur Monk)           Turns: 460, Time: 00:02:40

Health: 3/47       AC:  5    Str: 16    XL:     5   Next: 52%
Magic:  14/14      EV: 12    Int:  7    God:    Dithmenos [**....]
Gold:   0          SH:  0    Dex: 13    Spells: 0 memorised, 4 levels left

rFire  . . .     SeeInvis .     a - +0 falchion
rCold  . . .     Gourm    .     d - +0 ring mail
rNeg   . . .     Faith    .     (no shield)
rPois  .         Spirit   .     (helmet restricted)
rElec  .         Dismiss  .     (no cloak)
rCorr  .         Reflect  .     (no gloves)
MR     .....     Harm     .     (no boots)
Stlth  +.........               (no amulet)
                                (no ring)
                                e - ring of magical power

@: lethally poisoned (3 -> 0), wreathed by umbra
A: retaliatory headbutt, horns 2
a: Shadow Step, Renounce Religion


You were on level 5 of the Dungeon.
You worshipped Dithmenos.
Dithmenos was pleased with you.
You were not hungry.

You visited 1 branch of the dungeon, and saw 5 of its levels.

Inventory:

Hand Weapons
 a - a +0 falchion (weapon)
Armour
 d - a +0 ring mail (worn)
Jewellery
 e - a ring of magical power (left hand)
Scrolls
 b - 2 scrolls of blinking
 f - a scroll of identify {unknown}
 h - a scroll of amnesia {unknown}
 j - a scroll of immolation {unknown}
Potions
 g - a potion of degeneration
Comestibles
 c - 3 bread rations


   Skills:
 + Level 4.6 Fighting
 * Level 5.4 Long Blades
 + Level 2.1 Armour
 + Level 4.1 Dodging
 - Level 1.5 Stealth
 + Level 1.7 Invocations


You had 4 spell levels left.
You didn't know any spells.

Dungeon Overview and Level Annotations

Branches:
Dungeon (5/15)
 Temple: D:4-7

Altars:
Dithmenos

Annotations:
D:5 4thArraOfDagon's ghost, amateur MiMo; Prince Ribbit


Innate Abilities, Weirdness & Mutations

You reflexively headbutt those who attack you in melee.
You have a pair of horns on your head.


Message History

Dithmenos accepts your kill.
You feel sick.
Unknown command.
You feel sick.
The orc priest looks encouraged for a moment.
Unknown command.
The orc priest misses you.
A jelly comes into view.
You see here an adder corpse.
You hit the orc priest but do no damage.
The jelly jiggles.
The orc priest hits you with a hand axe.
* * * LOW HITPOINT WARNING * * *
Unknown command.
You closely miss the orc priest.
You feel sick.
The orc priest hits you with a hand axe.
* * * LOW HITPOINT WARNING * * *
Unknown command.
Unknown command.
Are you sure you want to abandon this character and quit the game? (Confirm with "yes".)

... # #.# #.#o# c#.##
... ######### #.#
#.......#####.#####
#...##.)o..J......#
####...##.@#####.#.....#
#..........# ....###.#
#### #.........## ....#
...# #.........# #....#
.#.# ####...#### ##.#..
...# #.......### #.####
#.## #.........# .#
#.#####..##.#.#.# #'##
...)).#..#....#.# #...##


You could see a jelly and an orc priest.

Vanquished Creatures
  An ogre (D:5)
  2 orc wizards (D:5)
  2 adders
  A worm (D:2)
  A leopard gecko (D:1)
  5 orcs (D:5)
  A giant cockroach (D:1)
  A goblin (D:2)
  4 jackals (D:5)
  A bat (D:2)
  4 kobolds
23 creatures vanquished.

Vanquished Creatures (others)
  An orc wizard (D:5)
1 creature vanquished.

Grand Total: 24 creatures vanquished

Notes
Turn   | Place    | Note
-------+----------+-------------------------------------------
     0 | D:1      | 4thArraOfDagon the Minotaur Monk began the quest for the Orb.
     0 | D:1      | Reached XP level 1. HP: 19/19 MP: 0/0
    87 | D:2      | Reached XP level 2. HP: 19/27 MP: 1/1
    90 | D:2      | Reached skill level 4 in Long Blades
   156 | D:4      | Noticed an ogre
   161 | D:5      | Entered Level 5 of the Dungeon
   163 | D:5      | Found a shadowy altar of Dithmenos.
   171 | D:5      | Noticed Prince Ribbit
   208 | D:5      | Became a worshipper of Dithmenos the Shadowed
   208 | D:5      | Reached * piety under Dithmenos
   208 | D:5      | Reached ** piety under Dithmenos
   222 | D:5      | HP: 1/27 [Prince Ribbit (10)]
   292 | D:5      | Reached XP level 3. HP: 30/33 MP: 2/2
   323 | D:5      | Noticed an ogre
   356 | D:5      | Reached skill level 1 in Armour
   356 | D:5      | Reached skill level 1 in Invocations
   356 | D:5      | Reached XP level 4. HP: 26/40 MP: 3/3
   364 | D:5      | Killed an ogre
   364 | D:5      | Reached skill level 5 in Long Blades
   364 | D:5      | Reached XP level 5. HP: 21/47 MP: 5/5
   388 | D:5      | Noticed 4thArraOfDagon's ghost (amateur MiMo)
   446 | D:5      | Noticed a centaur
   460 | D:5      | Quit the game

Vault maps used:
D:1:      minmay_arrival_arboretum_small, minmay_parallelograms
D:2:      first_bread, minmay_misc_feat_more_columns
D:4:      serial_shops, nicolae_shop_behind_doors
D:5:      lemuel_doored_altar, grunt_dithmenos_smoke_and_mirrors,
          uniq_prince_ribbit1

Skill      XL: |  1  2  3  4  5 |
---------------+----------------+-----
Long Blades    | 4 5 |  5.4
Fighting       | 4 |  4.6
Armour         | 1 2 |  2.1
Invocations    | 1 |  1.7
Dodging        | 4 |  4.1
Stealth        | |  1.5

Action                   |  1- 3 |  4- 6 || total
-------------------------+-------+-------++-------
Melee: Falchion          |    54 |    27 ||    81
       Headbutt          |     8 |     9 ||    17
  Use: Scroll            |     2 |       ||     2
       Potion            |     2 |     1 ||     3
Armor: Robe              |     2 |       ||     2
       Ring mail         |    18 |     8 ||    26
Dodge: Dodged            |    48 |    11 ||    59
       Rpst.: Falchion   |    12 |     4 ||    16
